 Dungeon Crawl Stone Soup version 0.18-a0-1577-gf591c28 (webtiles) character file.

2780 M4edhros the Covert (level 9, -2/58 HPs)
             Began as an Octopode Artificer on Mar 24, 2016.
             Killed from afar by an electric eel (12 damage)
             ... with a bolt of electricity
             ... on level 8 of the Dungeon.
             The game lasted 00:23:16 (9276 turns).

M4edhros the Covert (Octopode Artificer)            Turns: 9276, Time: 00:23:16

Health: -2/58      AC:  1    Str:  8    XL:     9   Next: 70%
Magic:  11/11      EV: 18    Int: 15    God:    Xom [.*....]
Gold:   314        SH:  5    Dex: 15    Spells: 0 memorised, 8 levels left

rFire  . . .     SeeInvis .     v - +1 hand axe (elec)
rCold  + . .     Gourm    .     x - +0 buckler
rNeg   + . .     Faith    .     (helmet restricted)
rPois  +         Spirit   .     G - amulet of dismissal
rElec  .         Dismiss  +     l - ring of poison resistance
rCorr  .         Reflect  .     m - ring of protection from cold
SustAt +         Harm     .     t - ring of sustain attributes
MR     +....                    I - ring of positive energy
Stlth  ++++++++..               (no ring)
                                (no ring)
                                (no ring)
                                (no ring)

@: very slightly contaminated, somewhat resistant to hostile enchantments,
extraordinarily stealthy
A: almost no armour, amphibious, 8 rings, constrict 8, tentacle spike 1,
repulsion field 1, camouflage 1, magic resistance 1, robust 1, weak 1,
gelatinous body 1
a: Renounce Religion


You were on level 8 of the Dungeon.
You worshipped Xom.
You were a plaything of Xom.
You were hungry.

You visited 2 branches of the dungeon, and saw 10 of its levels.

You collected 314 gold pieces.

Inventory:

Hand Weapons
 a - a +0 short sword
 i - a +0 hunting sling
 p - a +0 spear
 q - a +1 spear of venom
 v - a +1 hand axe of electrocution (weapon)
 H - a cursed -2 hunting sling
Missiles
 h - 379 stones (quivered)
 K - 24 sling bullets of frost
 Q - 3 curare-tipped needles
Armour
 x - a +0 buckler (worn)
Jewellery
 l - a ring of poison resistance (left tentacle)
 m - a ring of protection from cold (right tentacle)
 t - a ring of sustain attributes (on tentacle)
 y - an uncursed amulet of rage
 G - an amulet of dismissal (around mantle)
 I - a ring of positive energy (on tentacle)
 O - a -3 ring of intelligence
Wands
 b - a wand of flame (0/48)
 c - a wand of enslavement (8/24)
 d - a wand of random effects (0/48)
 E - a wand of teleportation (5/9)
 F - a wand of polymorph (8/24)
 L - a wand of digging (10/24)
 N - a wand of lightning (10/15)
Scrolls
 e - 2 scrolls of immolation
 j - 2 scrolls of blinking
 n - 6 scrolls of fear
 s - 5 scrolls of amnesia
 u - 4 scrolls of remove curse
 w - 5 scrolls of magic mapping
 D - a scroll of acquirement {unknown}
 P - a scroll of enchant weapon {unknown}
Potions
 k - 3 potions of magic
 o - a potion of resistance
 r - a potion of curing
 A - 2 potions of haste
 C - a potion of cure mutation
Comestibles
 f - 6 bread rations
 B - 2 slices of pizza
 M - a beef jerky


   Skills:
 - Level 1.0 Fighting
 - Level 1.0 Short Blades
 + Level 2.3 Slings
 + Level 6.9 Dodging
 * Level 13.3 Stealth
 + Level 4.4 Shields
 - Level 3.2 Evocations


You had 8 spell levels left.
You didn't know any spells.

Dungeon Overview and Level Annotations

Branches:
Dungeon (9/15)             Temple (1/1) D:7
   Lair: D:8-11         Orc: D:9-12

Altars:
Ashenzari
Cheibriados
Dithmenos
Elyvilon
Gozag
Kikubaaqudgha
Nemelex Xobeh
Qazlal
Ru
Sif Muna
Trog
Vehumet
Xom
The Shining One

Annotations:
D:3 Grinder, Robin
D:7 Joseph, Menkaure
D:9 Sargon's ghost, novice TrMo


Innate Abilities, Weirdness & Mutations

You cannot wear most types of armour.
You are amphibious.
You can wear up to eight rings at the same time.
You can use your tentacles to constrict eight enemies at once.
Your skin changes colour to match your surroundings (Stealth).
Your rubbery body absorbs attacks (AC +1).
One of your tentacles bears a spike.
You are surrounded by a mild repulsion field (EV +2).
You are resistant to hostile enchantments.
You are robust (+10% HP).
You are weak. (Str -2)


Message History

The bolt of electricity hits you!
You barely miss the electric eel. You grab the electric eel.
You pierce the electric eel, but do no damage.
The electric eel is moderately wounded.
You hit the wyvern zombie but do no damage.
There is a sudden explosion of sparks!
You constrict the electric eel. The wyvern zombie bites you.
The electric eel shoots out a bolt of lightning at you!
The bolt of electricity hits you!
* * * LOW HITPOINT WARNING * * *
You barely miss the electric eel.
You pierce the electric eel, but do no damage.
The electric eel is heavily wounded.
You hit the wyvern zombie but do no damage.
There is a sudden explosion of sparks!
You constrict the electric eel. The wyvern zombie misses you.
The electric eel shoots out a bolt of lightning at you!
The bolt of electricity hits you!
You die...
Xom titters!

♣≈PP≈≈≈## #.
≈≈PPP# #. ♣≈P#
#.#### ## # .
....... .## ##
###..P♣! P..# #
##.)P≈.≈ ..P..
#.P..≈;♣≈≈..P##
#...≈.@Z≈≈♣..P#
#♣..P≈♣≈Y≈≈P.P##
#.P..♣.♣≈....P#
###....♣ ....P#
#.......P..#
#.##..###.#
#.......§.#
#########.# #.##
#


You could see a sky beast, an electric eel and a wyvern zombie.

Vanquished Creatures
  Prince Ribbit (D:6)
  A spriggan (D:8)
  A hippogriff (D:7)
  4 orc warriors
  An ice beast (D:8)
  2 ogres
  3 centaurs
  2 giant frogs
  A scorpion (D:5)
  A killer bee (D:8)
  2 electric eels (D:8)
  A howler monkey (D:5)
  2 centaur zombies
  A jelly (D:6)
  2 quasits
  3 orc priests
  3 hounds
  2 giant frog skeletons
  3 orc wizards (D:7)
  An iguana (D:8)
  3 worker ants
  A killer bee zombie (D:8)
  A hound skeleton (D:6)
  A worker ant zombie (D:7)
  A howler monkey zombie (D:6)
  2 gnolls
  2 howler monkey skeletons
  8 adders
  4 shadow imps
  2 oozes
  3 adder skeletons
  2 worms
  A dart slug (D:4)
  3 giant geckos
  34 orcs
  7 giant cockroaches
  7 hobgoblins
  12 jackals
  6 kobolds
  4 quokkas
  5 ball pythons
  6 bats
  6 giant newts
  13 goblins
  A quokka skeleton (D:6)
  A rat (D:1)
  A plant (D:4)
174 creatures vanquished.

Vanquished Creatures (collateral kills)
  An orc warrior (D:7)
  2 orc priests
  An orc wizard (D:7)
  A gnoll (D:7)
  An orc (D:7)
  A goblin (D:3)
7 creatures vanquished.

Vanquished Creatures (others)
  An ogre (D:9)
  An orc wizard (D:5)
  A quokka (D:8)
  4 plants (D:8)
7 creatures vanquished.

Grand Total: 188 creatures vanquished

Notes
Turn   | Place    | Note
--------------------------------------------------------------
     0 | D:1      | M4edhros the Octopode Artificer began the quest for the Orb.
     0 | D:1      | Reached XP level 1. HP: 13/13 MP: 3/3
   139 | D:1      | Reached skill level 2 in Stealth
   290 | D:1      | Reached XP level 2. HP: 15/18 MP: 4/4
   294 | D:1      | Reached skill level 3 in Stealth
   696 | D:2      | Reached XP level 3. HP: 20/23 MP: 5/5
   734 | D:2      | Reached skill level 4 in Stealth
  1228 | D:3      | Noticed Grinder
  1241 | D:3      | Paralysed by Grinder for 3 turns
  1250 | D:3      | Found a bloodstained altar of Trog.
  1258 | D:3      | Paralysed by Grinder for 3 turns
  1399 | D:3      | Noticed Robin
  1415 | D:3      | Reached XP level 4. HP: 24/28 MP: 6/6
  1457 | D:2      | Reached skill level 5 in Stealth
  1674 | D:3      | Paralysed by Grinder for 2 turns
  2348 | D:3      | Reached XP level 5. HP: 12/33 MP: 7/7
  2831 | D:4      | Reached skill level 6 in Stealth
  3278 | D:4      | Found a shadowy altar of Dithmenos.
  3404 | D:5      | Entered Level 5 of the Dungeon
  3503 | D:5      | Reached skill level 7 in Stealth
  3503 | D:5      | Reached XP level 6. HP: 17/38 MP: 8/8
  3983 | D:5      | Reached skill level 8 in Stealth
  4109 | D:5      | Reached XP level 7. HP: 18/43 MP: 9/9
  4184 | D:5      | Reached skill level 9 in Stealth
  4499 | D:6      | Noticed Prince Ribbit
  4621 | D:6      | Reached skill level 5 in Dodging
  4621 | D:6      | Reached skill level 1 in Shields
  4625 | D:6      | Found a radiant altar of Vehumet.
  5029 | D:6      | Reached skill level 10 in Stealth
  5029 | D:6      | Reached XP level 8. HP: 27/48 MP: 10/10
  5382 | D:6      | Killed Prince Ribbit
  5580 | D:6      | Reached skill level 11 in Stealth
  5850 | D:7      | Noticed Menkaure
  5885 | D:7      | Reached skill level 12 in Stealth
  5885 | D:7      | Reached XP level 9. HP: 20/53 MP: 11/11
  6164 | D:7      | Found a glowing golden altar of the Shining One.
  6164 | D:7      | Found a sparkling altar of Nemelex Xobeh.
  6180 | D:7      | Found a staircase to the Ecumenical Temple.
  6189 | Temple   | Entered the Ecumenical Temple
  6200 | Temple   | Became a worshipper of Xom of Chaos
  6357 | Temple   | XOM: divination: detect creatures
  6423 | D:7      | XOM: harmless Conj miscast
  6603 | D:7      | XOM: harmless Conj miscast
  6628 | D:7      | XOM: divination: detect creatures
  6638 | D:7      | XOM: potion effect (berserk rage)
  6698 | D:7      | Found a stormy altar of Qazlal.
  6698 | D:7      | XOM: 3-stop teleportation journey
  7191 | D:7      | Noticed Joseph
  7193 | D:7      | Gained mutation: You are somewhat resistant to further mutation. [potion of beneficial mutation]
  7195 | D:7      | Lost mutation: You are somewhat resistant to further mutation. [potion of cure mutation]
  7196 | D:7      | Gained mutation: One of your tentacles bears a spike. [potion of mutation]
  7196 | D:7      | Gained mutation: You are robust (+10% HP). [potion of mutation]
  7196 | D:7      | Gained mutation: You are resistant to hostile enchantments. [potion of mutation]
  7199 | D:7      | Noticed Joseph
  7199 | D:7      | Joseph changed into Joseph the queen bee
  7199 | D:7      | XOM: confusion (+ monsters)
  7245 | D:7      | XOM: noise
  7248 | D:7      | XOM: noise
  7265 | D:7      | XOM: polymorph crimson imp -> quasit
  7269 | D:7      | XOM: destruction
  7272 | D:7      | XOM: give mutations
  7272 | D:7      | Gained mutation: You are surrounded by a mild repulsion field (EV +2). [Xom's mischief]
  7272 | D:7      | Gained mutation: You are weak. (Str -2) [Xom's mischief]
  7277 | D:7      | XOM: stat loss: -1 Str (7/8)
  7284 | D:7      | XOM: harmless Trmt miscast
  7298 | D:7      | Noticed Joseph
  7298 | D:7      | Joseph the queen bee changed into Joseph the guardian serpent
  7298 | D:7      | XOM: polymorph Joseph the queen bee -> Joseph the guardian serpent
  7329 | D:7      | XOM: colour smoke trail
  7358 | D:7      | Found a shattered altar of Ashenzari.
  7388 | D:8      | XOM: stealth player
  7388 | D:8      | Noticed a four-headed hydra
  7509 | D:8      | XOM: harmless Trmt miscast
  7528 | D:8      | XOM: god gift: 18 stones
  7660 | D:8      | Found a sacrificial altar of Ru.
  7736 | D:8      | XOM: confuse monster(s)
  7759 | D:8      | XOM: mild Summ miscast
  7856 | D:8      | XOM: polymorph ice beast -> giant frog
  7863 | D:8      | Reached skill level 1 in Slings
  7909 | D:8      | XOM: butterfly on damage
  7910 | D:8      | XOM: mild Conj miscast
  7913 | D:8      | XOM: noise
  7955 | D:8      | Found a white marble altar of Elyvilon.
  8093 | D:8      | Reached skill level 13 in Stealth
  8156 | D:8      | XOM: confusion (+ monsters)
  8157 | D:8      | XOM: confuse monster(s)
  8168 | D:8      | XOM: silly message
  8227 | D:8      | XOM: noise
  8237 | D:8      | XOM: summons 2 friendly demons
  8262 | D:8      | XOM: enchant monster (bad)
  8329 | D:8      | XOM: confusion
  8337 | D:8      | XOM: swap monsters
  8354 | D:8      | XOM: potion effect (berserk rage)
  8360 | D:8      | XOM: silly message
  8405 | D:8      | XOM: potion effect (might)
  8444 | D:8      | XOM: divination: detect items
  8528 | D:8      | XOM: potion effect (might)
  8542 | D:8      | XOM: potion effect (haste)
  8636 | D:8      | XOM: summons friendly crimson imp
  8644 | D:8      | XOM: confuse monster(s)
  8672 | D:8      | XOM: summons 8 friendly demons
  8734 | D:8      | Noticed an ice dragon
  8734 | D:8      | a four-headed hydra changed into an ice dragon
  8734 | D:8      | XOM: polymorph four-headed hydra -> ice dragon
  8881 | D:9      | Noticed a troll
  8939 | D:9      | XOM: smoke on damage
  9167 | D:9      | Noticed Sargon's ghost (novice TrMo)
  9276 | D:8      | Killed from afar by an electric eel

Vault maps used:
D:1:      dpeg_arrival_orchard, kennysheep_pointless_box, lemuel_old_faithful
D:3:      nicolae_overflow_crystal_walls, johnstein_pakellas_dig,
          old_standard_altar, nicolae_overflow_hidden_temple,
          minmay_misc_feat_plants, grunt_gozag_statues, uniq_robin, uniq_iyjb,
          uniq_grinder
D:4:      minmay_opposing_rooms, grunt_dithmenos_smoke, first_bread,
          serial_bayou_lagoon_a
D:5:      kennysheep_windowed_goal
D:6:      kennysheep_mini_moat, uniq_prince_ribbit1
D:7:      ashenzari_conservatory_becter, grunt_qazlal_sundering,
          gammafunk_temple_overflow_wave, zin_statuary,
          minmay_temple_entry_glassed_door, serial_shops, shop, uniq_joseph,
          uniq_menkaure
D:8:      kennysheep_mini, basic_altar, serial_bayou, serial_bayou_ford_a,
          serial_bayou_pond_a, serial_bayou_shore_a, serial_bayou_lagoon_b,
          the_bakery, elyvilon_altar_4
D:9:      lemuel_flame_loot_2, bloody_makhleb
Temple:   circular_temple_6

Skill      XL: |  1  2  3  4  5  6  7  8  9 |
---------------+----------------------------+-----
Stealth        | 2 3 4 5 7 8 10 12 13 | 13.3
Dodging        | 3 4 5 6 |  6.9
Shields        | 1 3 4 |  4.4
Slings         | 2 |  2.3
Fighting       | |  1.0
Short Blades   | |  1.0
Evocations     | |  3.2

Action                   |  1- 3 |  4- 6 |  7- 9 || total
-------------------------+-------+-------+-------++-------
Melee: Short sword       |    23 |       |       ||    23
       Spear             |    51 |     2 |       ||    53
       Hand axe          |       |   113 |   213 ||   326
Throw: Stone             |       |       |     3 ||     3
Evoke: Wand              |     2 |     9 |    27 ||    38
  Use: Scroll            |       |     7 |     9 ||    16
       Potion            |       |     2 |    15 ||    17
 Stab: Sleeping          |    11 |    11 |    23 ||    45
       Paralysed         |       |       |     1 ||     1
       Distracted        |       |       |     1 ||     1
  Eat: Chunk             |     2 |     8 |    16 ||    26
       Fruit             |       |       |     2 ||     2
